 Dungeon Crawl Stone Soup version 0.24-a0-250-g6074511 (webtiles) character file.

Game seed: 7180696459400833152

2192 Hasart the Slicer (level 9, -4/90 HPs)
             Began as a Kobold Gladiator on Apr 14, 2019.
             Was an Initiate of Ru.
             Slain by an orc warrior
             ... wielding a cursed -1 battleaxe
              (11 damage)
             ... on level 7 of the Dungeon.
             The game lasted 00:17:13 (9623 turns).

Hasart the Slicer (Kobold Gladiator)                Turns: 9623, Time: 00:17:14

Health: -4/90      AC: 24    Str: 14    XL:     9   Next: 59%
Magic:  9/9        EV:  3    Int:  9    God:    Ru [......]
Gold:   253        SH:  0    Dex: 15    Spells: 8/8 levels left

rFire    . . .     SeeInvis +   a - +0 rapier
rCold    . . .     Gourm    .   (shield restricted)
rNeg     + + +     Faith    .   (armour currently unavailable)
rPois    +         Spirit   .   (helmet currently unavailable)
rElec    .         Reflect  .   (cloak currently unavailable)
rCorr    .         Harm     .   (gloves currently unavailable)
MR       .....     Clarity  +   (boots currently unavailable) Stlth +++.......NoTele +
                                (no amulet)
HPRegen  0.25/turn              s - ring of see invisible
MPRegen  0.11/turn              C - ring of attention (curse)

@: tree-form
A: small, carnivore, clarity, clumsy 1, robust 1
a: Renounce Religion


You were on level 7 of the Dungeon.
You worshipped Ru.
Ru was noncommittal.
You were completely stuffed.
You were a tree.
You visited 2 branches of the dungeon, and saw 9 of its levels.

You collected 572 gold pieces.
You spent 319 gold pieces at shops.

Inventory:

Hand Weapons
 a - a +0 rapier (weapon)
Missiles
 d - 3 throwing nets (quivered)
Armour
 c - a +0 helmet (melded)
 A - the cursed +0 leather armour of Submission (melded) {+Fly MR- Int+4 Dex+5}
   (You bought it in a shop on level 7 of the Dungeon)

   It affects your intelligence (+4).
   It affects your dexterity (+5).
   It affects your resistance to hostile enchantments.
   It lets you fly.
   It has a curse placed upon it.
Jewellery
 s - a ring of see invisible (left branch)
 C - a cursed ring of attention (right branch)
Wands
 B - a wand of enslavement (7)
Scrolls
 b - a scroll of noise {unknown}
 g - 4 scrolls of teleportation {unknown}
 k - 2 scrolls of enchant armour {unknown}
 n - 4 scrolls of remove curse {unknown}
 p - 7 scrolls of identify {unknown}
 q - 2 scrolls of fog {unknown}
 r - 2 scrolls of magic mapping {unknown}
 u - 2 scrolls of immolation {unknown}
 x - a scroll of blinking {unknown}
 y - a scroll of amnesia {unknown}
Potions
 j - a potion of brilliance
 m - a potion of magic
 o - a potion of haste {unknown}
 t - 2 potions of heal wounds {unknown}
 v - 3 potions of might {unknown}
 w - a potion of invisibility {unknown}
 z - a potion of resistance {unknown}
Comestibles
 f - 9 rations


   Skills:
 + Level 6.2 Fighting
 * Level 10.7 Short Blades
 - Level 2.1 Throwing
 + Level 7.4 Dodging
 + Level 7.5 Stealth


You had 8 spell levels left.
You didn't know any spells.
Your spell library contained the following spells:

 Spells                   Type           Power        Failure   Level  Hunger
 Summon Small Mammal      Summ           #...         38%         1    ##.....
 Call Imp                 Summ           #.......     52%         2    ###....
 Call Canine Familiar     Summ           #.......     77%         3    ####...
 Summon Guardian Golem    Hex/Summ       #.......     77%         3    ####...
 Summon Ice Beast         Ice/Summ       #.......     99%         4    #####..
 Summon Lightning Spire   Summ/Air       #.......     99%         4    #####..


Dungeon Overview and Level Annotations

Branches:
Dungeon (8/15)             Temple (1/1) D:7
   Lair: D:8-11

Altars:
Ashenzari
Cheibriados
Dithmenos
Elyvilon
Fedhas
Gozag
Hepliaklqana
Kikubaaqudgha
Makhleb
Nemelex Xobeh
Okawaru
Ru
Trog
Uskayaw
Vehumet
Wu Jian
Xom
Yredelemnul
Zin

Shops:
D:4 :[[   D:5 %   D:7 [

Annotations:
D:8 Erica, Pikel


Innate Abilities, Weirdness & Mutations

You are small and have problems with some larger weapons.
You are carnivorous and can eat meat at any time.
You possess an exceptional clarity of mind.
You are clumsy. (Dex -2)
You are robust. (+10% HP)


Message History

You hit the orc warrior but do no damage.
The orc warrior is heavily wounded.
The orc warrior hits you but does no damage.
You closely miss the orc warrior.
The orc warrior is heavily wounded.
The orc warrior hits you but does no damage.
You hit the orc warrior but do no damage.
The orc warrior is heavily wounded.
You hit the orc warrior but do no damage.
The orc warrior is heavily wounded.
The orc warrior hits you with a cursed -1 battleaxe!
* * * LOW HITPOINT WARNING * * *
It was a potion of curing.
You feel better.
It was a potion of mutation.
You feel extremely strange.
You feel clumsy.
Your thoughts seem clearer.
You feel robust.
The orc warrior hits you with a cursed -1 battleaxe.
* * * LOW HITPOINT WARNING * * *
It was a potion of flight.
Your roots keep you in place.
The orc warrior hits you with a cursed -1 battleaxe!
You die...

########.....##
#....p........#####
#....h..>.........##
#...##h......##.#..#
##..)##########....#
##+#.# #.>..# #....#
#)..##
#....##############
#..........♣÷.#
#.........o.†.#
#.............#
#.........)...#
######....#####....#
#.........#...#....#
#.........#...#[[..#
#.......[∩#...#....#
..........'...#....#


You could see an orc warrior.

Vanquished Creatures
  Prince Ribbit (D:7)
  An orc warrior (D:7)
  A sky beast (D:6)
  A slave (D:7)
  A black bear (D:6)
  4 ogres
  A big kobold (D:7)
  A gnoll sergeant (D:7)
  A water moccasin zombie (D:7)
  3 scorpions
  A howler monkey (D:6)
  4 crimson imps
  A bullfrog zombie (D:5)
  A centaur zombie (D:7)
  5 hounds
  2 orc priests (D:7)
  2 iguanas
  5 orc wizards
  5 worker ants
  9 gnolls
  A howler monkey skeleton (D:6)
  10 adders
  2 worms
  2 dart slugs
  5 leopard geckos
  19 orcs
  2 ball pythons (D:2)
  6 giant cockroaches
  10 hobgoblins
  10 jackals
  4 quokkas
  6 bats
  4 frilled lizards
  4 goblins
  9 kobolds
  A quokka skeleton (D:5)
  6 rats
151 creatures vanquished.

Vanquished Creatures (collateral kills)
  A shadow imp (D:7)
1 creature vanquished.

Grand Total: 152 creatures vanquished

Notes
Turn   | Place    | Note
-------+----------+-------------------------------------------
     0 | D:1      | Hasart the Kobold Gladiator began the quest for the Orb.
     0 | D:1      | Reached XP level 1. HP: 12/12 MP: 1/1
   341 | D:1      | Reached XP level 2. HP: 17/18 MP: 2/2
   430 | D:1      | Reached skill level 1 in Stealth
   682 | D:1      | Reached XP level 3. HP: 20/22 MP: 3/3
  1768 | D:3      | Reached XP level 4. HP: 14/27 MP: 4/4
  1769 | D:3      | Reached skill level 5 in Short Blades
  2118 | D:3      | Reached XP level 5. HP: 30/32 MP: 5/5
  2133 | D:3      | Found an ancient bone altar of Kikubaaqudgha.
  2315 | D:4      | HP: 1/32 [iguana (1)]
  2641 | D:4      | Reached skill level 6 in Short Blades
  2750 | D:3      | Reached XP level 6. HP: 34/37 MP: 6/6
  2852 | D:3      | Found an iron altar of Okawaru.
  2921 | D:3      | Found a radiant altar of Vehumet.
  2922 | D:3      | Found a shadowy altar of Dithmenos.
  3310 | D:4      | Found Dupoany's Book Emporium.
  3584 | D:4      | Found Xaqiud's Armour Emporium.
  3653 | D:4      | Found Saiddipi's Antique Armour Shop.
  3716 | D:4      | Found an opulent altar of Gozag.
  4218 | D:5      | Entered Level 5 of the Dungeon
  4303 | D:5      | Reached skill level 5 in Dodging
  4500 | D:5      | Reached XP level 7. HP: 33/42 MP: 7/7
  4789 | D:5      | Reached skill level 7 in Short Blades
  5266 | D:5      | You fall through a shaft!
  5300 | D:6      | Reached skill level 8 in Short Blades
  5300 | D:6      | Reached skill level 5 in Stealth
  5300 | D:6      | Reached XP level 8. HP: 21/48 MP: 8/8
  5862 | D:6      | Reached skill level 5 in Fighting
  5980 | D:5      | Found Oxuapn's Food Emporium.
  6164 | D:5      | Reached skill level 9 in Short Blades
  7588 | D:7      | Noticed Prince Ribbit
  7600 | D:7      | Found Cirris Yzak's Armour Shop.
  7618 | D:7      | Found a sparkling altar of Nemelex Xobeh.
  7621 | D:7      | Killed Prince Ribbit
  7621 | D:7      | Reached XP level 9. HP: 36/54 MP: 9/9
  7626 | D:7      | Bought the cursed +0 leather armour of Submission {+Fly MR-
                  | Int+4 Dex+5} for 319 gold pieces
  7686 | D:7      | Reached skill level 10 in Short Blades
  7833 | D:7      | Found an ornate altar of the Wu Jian Council.
  8412 | D:7      | Found a staircase to the Ecumenical Temple.
  8420 | Temple   | Entered the Ecumenical Temple
  8558 | Temple   | Became a worshipper of Ru the Awakened
  8659 | D:8      | Noticed Pikel
  9329 | D:8      | Noticed Erica
  9620 | D:7      | HP: 1/82 [orc warrior/cursed -1 battleaxe (14)]
  9622 | D:7      | Gained mutation: You are clumsy. (Dex -2) [potion of
                  | mutation]
  9622 | D:7      | Gained mutation: You possess an exceptional clarity of
                  | mind. [potion of mutation]
  9622 | D:7      | Gained mutation: You are robust. (+10% HP) [potion of
                  | mutation]
  9623 | D:7      | Slain by an orc warrior

Levels and vault maps discovered:
D:1:      dpeg_arrival_signposts, layout_rooms, lemuel_old_faithful
D:2:      layout_rooms
D:3:      layout_loops_cross, lemuel_round_altar, nicolae_overflow_hidden_temple
D:4:      layout_loops_ring, kennysheep_mini_moat, serial_shops, shop,
          nicolae_shop_stone, shop, nicolae_underground_beach
D:5:      layout_loops_ring, first_ration, serial_shops, shop, kennysheep_path_1
D:6:      layout_layer_cave, minmay_crystal_water, grunt_tough_drop
D:7:      layout_gridville, old_standard_altar, minmay_temple_entry_offerings,
          basic_altar, serial_shops, shop, uniq_prince_ribbit1
D:8:      layout_cave_pools, tso_altar, overflow_temple_1_default,
          grunt_livestock, uniq_pikel, uniq_erica
Temple:   nicolae_temple_figure_eight

Skill      XL: |  1  2  3  4  5  6  7  8  9 |
---------------+----------------------------+-----
Stealth        | 1 2 3 5 6 7 |  7.5
Dodging        | 4 5 6 7 |  7.4
Short Blades   | 5 6 8 9 10 | 10.7
Fighting       | 3 4 5 6 |  6.2
Throwing       | |  2.1

Action                   |  1- 3 |  4- 6 |  7- 9 || total
-------------------------+-------+-------+-------++-------
Melee: Rapier            |   111 |   179 |   451 ||   741
Evoke: Wand              |       |       |     4 ||     4
  Use: Potion            |       |     2 |     6 ||     8
 Stab: Sleeping          |     2 |     8 |     6 ||    16
  Eat: Chunk             |    10 |     8 |    18 ||    36
Armor: Leather armour    |    17 |    21 |    39 ||    77
       Skin              |       |       |     4 ||     4
Dodge: Dodged            |    92 |   128 |   385 ||   605

Table legend:
 A = Non-vault XP
 B = Vault XP
 C = Vault XP percentage of total XP
 D = Non-vault monster count
 E = Vault monster count
 F = Vault count percentage of total count
                 A         B        C        D         E       F
            +---------+---------+-------+---------+---------+-------
      Total |    2873 |     259 |   8.3 |     150 |       1 |   0.7
            +---------+---------+-------+---------+---------+-------
        D:1 |      29 |       0 |   0.0 |      17 |       0 |   0.0
        D:2 |      35 |       0 |   0.0 |      13 |       0 |   0.0
        D:3 |     176 |       0 |   0.0 |      28 |       0 |   0.0
        D:4 |     181 |       0 |   0.0 |      17 |       0 |   0.0
        D:5 |     575 |       0 |   0.0 |      19 |       0 |   0.0
        D:6 |    1000 |       0 |   0.0 |      22 |       0 |   0.0
        D:7 |     870 |     259 |  22.9 |      31 |       1 |   3.1
        D:8 |       7 |       0 |   0.0 |       3 |       0 |   0.0
            +---------+---------+-------+---------+---------+-------
